 Dungeon Crawl Stone Soup version 0.24.0-1-gfbc8707122 (webtiles) character file.

Game seed: 7714160253876648151, levelgen mode: deterministic

1063233 Johnny the Divine Porcupine (level 27, -7/245 HPs)
             Began as a Demigod Gladiator on Oct 26, 2019.
             Killed from afar by a hellion (22 damage)
             ... with damnation
             ... on level 4 of the Iron City of Dis on Oct 27, 2019.
             The game lasted 03:10:32 (89638 turns).

Johnny the Divine Porcupine (Demigod Gladiator)    Turns: 89638, Time: 03:10:33

Health: -7/245     AC: 53    Str: 31    XL:     27
Magic:  6/55       EV: 14    Int: 17    God:
Gold:   6484       SH:  0    Dex: 17    Spells: 39/68 levels left

rFire    + . .     SeeInvis +   o - +5 glaive of Inflation {speed, +Inv rElec}
rCold    + . .     Gourm    .   (shield currently unavailable)
rNeg     + + .     Faith    .   U - +11 crystal plate armour of the Trilobite {Slay+2}
rPois    +         Spirit   .   (helmet restricted)
rElec    +         Reflect  .   Z - +1 cloak of Ashenzari's Anger {Regen+ Int+2}
rCorr    .         Harm     .   K - +2 pair of gloves
MR       +++..     Rnd*Rage +   v - +4 pair of boots of Biaph {rElec rF+ Str-4 Int+3}
Stlth    ..........             J - amulet of regeneration
HPRegen  1.30/turn              D - ring "Nutwiv" {rN+ Str+2 Slay+2 SInv}
MPRegen  0.34/turn              N - ring "Obrazew" {rPois rC+ rN+ MR+ Int+4}

@: berserk cooldown, contaminated, slowed, glowing, very slow
A: antennae 1, molten scales 2, berserk 1, blurry vision 2, dopey 2, high mp 1,
screaming 2, weak 1, evolution 1, no potion heal 2
}: 10/15 runes: serpentine, barnacled, slimy, silver, abyssal, demonic, glowing,
magical, fiery, dark
a: Evoke Invisibility


You were on level 4 of the Iron City of Dis.
You were not hungry.

You visited 12 branches of the dungeon, and saw 55 of its levels.
You visited Pandemonium 1 time, and saw 17 of its levels.
You visited the Abyss 7 times.
You also visited: Ice Cave, Wizlab and Desolation.

You collected 14597 gold pieces.
You spent 8113 gold pieces at shops.

Inventory:

Hand Weapons
 o - the +5 glaive of Inflation (weapon) {speed, +Inv rElec}
   (You took it off a deep elf mage on level 3 of the Elven Halls)

   Attacks with this weapon are significantly faster.
   It insulates you from electricity.
   It lets you turn invisible.
 M - the +11 spear "Erel" {protect, +Fly rElec rN+}
   (You found it on level 6 of the Dungeon)

   It grants its wielder temporary protection when it strikes (+7 to AC).
   It insulates you from electricity.
   It protects you from negative energy.
   It lets you fly.
Missiles
 d - 9 throwing nets (quivered)
Armour
 v - the +4 pair of boots of Biaph (worn) {rElec rF+ Str-4 Int+3}
   (You found it on level 5 of the Vaults)

   It affects your strength (-4).
   It affects your intelligence (+3).
   It protects you from fire.
   It insulates you from electricity.
 A - the +7 ring mail of Tumunar {rElec rC+ MR+}
   (You found it on level 7 of the Dungeon)

   It protects you from cold.
   It insulates you from electricity.
   It affects your resistance to hostile enchantments.
 G - a scarf of spirit shield
 I - the +1 helmet of Prudence {rF+ rCorr Dex+6}
   (You bought it in a shop on level 1 of the Elven Halls)

   It affects your dexterity (+6).
   It protects you from fire.
   It provides partial protection from all sources of acid and corrosion.
 K - a +2 pair of gloves (worn)
 P - a scarf of repulsion
 U - the +11 crystal plate armour of the Trilobite (worn) {Slay+2}
   (You bought it in a shop on level 2 of the Orcish Mines)

   It affects your accuracy and damage with ranged weapons and melee attacks
   (+2).
 X - a scarf of cloud immunity
 Z - the +1 cloak of Ashenzari's Anger (worn) {Regen+ Int+2}
   (You found it in a wizard's laboratory)

   It affects your intelligence (+2).
   It increases your rate of regeneration.
Jewellery
 j - an uncursed amulet of rage
 D - the ring "Nutwiv" (left hand) {rN+ Str+2 Slay+2 SInv}
   (You bought it in a shop on level 3 of the Snake Pit)

   [ring of strength]

   It affects your strength (+2).
   It affects your accuracy and damage with ranged weapons and melee attacks
   (+2).
   It protects you from negative energy.
   It lets you see invisible.
 J - an amulet of regeneration (around neck)
 N - the ring "Obrazew" (right hand) {rPois rC+ rN+ MR+ Int+4}
   (You took it off a deep elf mage on level 3 of the Elven Halls)

   [ring of poison resistance]

   It affects your intelligence (+4).
   It protects you from cold.
   It protects you from poison.
   It protects you from negative energy.
   It affects your resistance to hostile enchantments.
 Y - the ring "Egaid" {+Blink rElec rN+++ Dex+3 Stlth-}
   (You found it in the Desolation of Salt)

   [ring of dexterity]

   It affects your dexterity (+3).
   It insulates you from electricity.
   It renders you almost immune to negative energy.
   It lets you blink.
   It makes you less stealthy.
Wands
 C - a wand of acid (7)
 L - a wand of clouds (6)
 W - a wand of digging (3)
Scrolls
 b - 7 scrolls of fog
 c - 28 scrolls of remove curse
 l - 4 scrolls of fear
 n - 3 scrolls of blinking
 s - 7 scrolls of identify
 w - 3 scrolls of holy word
 B - a scroll of magic mapping
 F - a scroll of silence
 H - 12 scrolls of teleportation
 R - 15 scrolls of immolation
 S - 3 scrolls of vulnerability
Potions
 g - a potion of berserk rage
 h - 5 potions of heal wounds
 i - a potion of resistance
 k - 4 potions of agility
 p - 16 potions of flight
 q - 26 potions of curing
 r - 9 potions of haste
 t - 4 potions of magic
 u - 3 potions of brilliance
 x - a potion of invisibility
 z - 5 potions of ambrosia
 E - 4 potions of cancellation
 O - 7 potions of lignification
Miscellaneous
 a - a phial of floods
 e - 2 boxes of beasts
 m - a lightning rod (4/4)
 y - a sack of spiders
 Q - 4 phantom mirrors
 V - a lamp of fire
Comestibles
 f - 44 rations


   Skills:
 + Level 19.7 Fighting
 O Level 27 Polearms
 - Level 1.7 Throwing
 + Level 19.4 Armour
 + Level 11.4 Dodging
 * Level 21.3 Spellcasting
 * Level 13.4 Hexes
 + Level 8.3 Charms
 - Level 25.7 Translocations
 - Level 3.0 Earth Magic


You had 39 spell levels left.
You knew the following spells:

 Your Spells              Type           Power        Failure   Level  Hunger
a - Blink                 Tloc           N/A          0%          2    None
b - Lee's Rapid Deconstr  Erth           ####......   91%         5    ##.....
c - Discord               Hex            ######....   100%        8    #######
d - Shroud of Golubria    Chrm/Tloc      ######       1%          2    None
e - Regeneration          Chrm/Necr      ####......   14%         3    None
f - Controlled Blink      Tloc           N/A          4%          8    #######
g - Apportation           Tloc           ######       0%          1    None

Your spell library contained the following spells:

 Spells                   Type           Power        Failure   Level  Hunger
 Gell's Gravitas          Tloc           #######...   0%          3    None
 Lesser Beckoning         Tloc           #######...   0%          3    None
 Passage of Golubria      Tloc           N/A          0%          4    None
 Confusing Touch          Hex            ######       1%          1    None
 Corona                   Hex            ######.      1%          1    None
 Slow                     Hex            ######..     1%          2    None
 Song of Slaying          Chrm           #####...     1%          2    None
 Confuse                  Hex            ######..     1%          3    None
 Portal Projectile        Hex/Tloc       ######       1%          3    None
 Recall                   Summ/Tloc      N/A          1%          3    None
 Spectral Weapon          Hex/Chrm       ######..     1%          3    None
 Tukima's Dance           Hex            ######..     1%          3    None
 Cause Fear               Hex            ######....   1%          4    None
 Force Lance              Conj/Tloc      ######..     1%          4    None
 Dispersal                Tloc           #######...   1%          6    ####...
 Ensorcelled Hibernation  Hex/Ice        #####.       2%          2    None
 Dazzling Spray           Conj/Hex       #####.       4%          3    None
 Disjunction              Tloc           #######...   4%          8    #######
 Sandblast                Erth           ####..       8%          1    None
 Swiftness                Chrm/Air       ####....     8%          2    None
 Ozocubu's Armour         Chrm/Ice       ####....     14%         3    None
 Darkness                 Hex            ######....   16%         6    ####...
 Invisibility             Hex            ######..     16%         6    ####...
 Fulminant Prism          Conj/Hex       #####.....   17%         4    None
 Passwall                 Tmut/Erth      ###.....     22%         2    None
 Animate Skeleton         Necr           N/A          26%         1    None
 Beastly Appendage        Tmut           ###...       26%         1    None
 Magic Dart               Conj           ###.         26%         1    None
 Pain                     Necr           ###.         26%         1    None
 Shock                    Conj/Air       ###.         26%         1    None
 Sting                    Conj/Pois      ###.         26%         1    None
 Summon Butterflies       Summ           ###.....     26%         1    None
 Summon Small Mammal      Summ           ###.         26%         1    None
 Call Imp                 Summ           ###.....     38%         2    None
 Corpse Rot               Necr           N/A          38%         2    None
 Poisonous Vapours        Pois/Air       ###...       38%         2    None
 Searing Ray              Conj           ###...       38%         2    None
 Sticks to Snakes         Tmut           ###.....     38%         2    None
 Throw Flame              Conj/Fire      ###...       38%         2    None
 Throw Frost              Conj/Ice       ###...       38%         2    None
 Stone Arrow              Conj/Erth      ###...       38%         3    None
 Metabolic Englaciation   Hex/Ice        #####.....   43%         5    ##.....
 Silence                  Hex/Air        #####.....   43%         5    ##.....
 Summon Mana Viper        Hex/Summ       #####...     43%         5    ##.....
 Yara's Violent Unravell  Hex/Tmut       #####.....   43%         5    ##.....
 Call Canine Familiar     Summ           ###.....     63%         3    None
 Conjure Flame            Conj/Fire      ###.....     63%         3    None
 Ignite Poison            Fire/Tmut/Pois ###.....     63%         3    None
 Mephitic Cloud           Conj/Pois/Air  ###.....     63%         3    None
 Spider Form              Tmut/Pois      ###.......   63%         3    None
 Static Discharge         Conj/Air       ###.....     63%         3    None
 Vampiric Draining        Necr           ###.......   63%         3    None
 Malign Gateway           Summ/Tloc      ######....   75%         7    ######.
 Petrify                  Tmut/Erth      ###.....     80%         4    None
 Iskenderun's Battlesphe  Conj/Chrm      ####....     80%         5    ##.....
 Animate Dead             Necr           N/A          95%         4    None
 Ice Form                 Ice/Tmut       ###.....     95%         4    None
 Iskenderun's Mystic Bla  Conj           ###.....     95%         4    None
 Olgreb's Toxic Radiance  Pois           ###.....     95%         4    None
 Summon Ice Beast         Ice/Summ       ###.....     95%         4    None
 Throw Icicle             Conj/Ice       ###.....     95%         4    None
 Bolt of Magma            Conj/Fire/Erth ###.......   99%         5    ##.....
 Agony                    Necr           ###.....     100%        5    ##.....
 Alistair's Intoxication  Tmut/Pois      ###.....     100%        5    ##.....
 Blade Hands              Tmut           ###.......   100%        5    ##.....
 Bolt of Draining         Conj/Necr      ###.......   100%        5    ##.....
 Fireball                 Conj/Fire      ###.......   100%        5    ##.....
 Irradiate                Conj/Tmut      ###.......   100%        5    ##.....
 Venom Bolt               Conj/Pois      ###.......   100%        5    ##.....
 Bolt of Cold             Conj/Ice       ###.......   100%        6    ####...
 Bolt of Fire             Conj/Fire      ###.......   100%        6    ####...
 Death Channel            Necr           ###.......   100%        6    ####...
 Deflect Missiles         Chrm/Air       ####......   100%        6    ####...
 Freezing Cloud           Conj/Ice/Air   ###.......   100%        6    ####...
 Hydra Form               Tmut           ###.......   100%        6    ####...
 Iron Shot                Conj/Erth      ###.......   100%        6    ####...
 Ozocubu's Refrigeration  Ice            ###.......   100%        6    ####...
 Simulacrum               Ice/Necr       ###.......   100%        6    ####...
 Statue Form              Tmut/Erth      ###......    100%        6    ####...
 Dragon Form              Tmut           ###.......   100%        7    ######.
 Monstrous Menagerie      Summ           ###.......   100%        7    ######.
 Orb of Destruction       Conj           ###.......   100%        7    ######.
 Ring of Flames           Chrm/Fire      ####......   100%        7    ######.
 Spellforged Servitor     Conj/Summ      ###.......   100%        7    ######.
 Summon Greater Demon     Summ           ###.......   100%        7    ######.
 Summon Hydra             Summ           ###.......   100%        7    ######.
 Ignition                 Fire           ###.......   100%        8    #######
 Summon Horrible Things   Summ           ###.......   100%        8    #######


Dungeon Overview and Level Annotations

Branches:
Dungeon (15/15)            Temple (1/1) D:7            Lair (6/6) D:10
 Shoals (4/4) Lair:3        Snake (4/4) Lair:4        Slime (5/5) Lair:6
    Orc (2/2) D:11            Elf (3/3) Orc:2        Vaults (5/5) D:13
  Crypt (0/3) Vaults:2     Depths (5/5) D:15           Hell (visited)
    Dis (4/7) Hell            Zot (0/5) Depths:5      IceCv (visited)
 WizLab (visited)         Desolation (visited)
    Geh: Hell:1         Coc: Hell:1         Tar: Hell:1

Shops:
D:4 :   D:7 *   D:11 ([   D:12 ?   Orc:1 :   Orc:2 [[[:   Elf:1 [   Elf:2 *
Snake:3 =}=   Vaults:2 !   Vaults:3 =[*[   Vaults:4 !   Depths:1 %

Portals:
Hell: Depths:1 Depths:2 Depths:3 Depths:4 Depths:5
Abyss: Depths:1 Depths:2 Depths:4
Pandemonium: Depths:3
Ziggurat: Depths:1

Annotations:
D:5 Sigmund
D:13 2 transporters
Vaults:4 exclusion: obsidian statue


Innate Abilities, Weirdness & Mutations

You have an increased reservoir of magic. (+10% MP)
You have a pair of small antennae on your head.
You are mostly covered in molten scales. (AC +3)
You tend to lose your temper in combat.
Scrolls take you longer to read.
You are very dopey. (Int -4)
You sometimes yell uncontrollably at your foes.
You are weak. (Str -2)
You evolve.
Potions are poor at restoring your health.


Message History

The tormentor calls on the powers of darkness!
Your body is wracked with pain!
* * * LOW HITPOINT WARNING * * *
You shiver with fear.
The dungeon shakes, a horrible noise fills the air, and a portal to some otherworldly place is opened!
Unknown command.
Unknown command.
The tormentor calls on the powers of darkness!
Your body is wracked with pain!
* * * LOW HITPOINT WARNING * * *
The tormentor calls on the powers of darkness!
Your body is wracked with pain!
* * * LOW HITPOINT WARNING * * *
There is a stone staircase leading down here.
Unknown command.
Unknown command.
Unknown command.
The hellion gestures at you.
The sphere of damnation explodes!
The damnation engulfs you!!
You die...

,,,,,,,,,,**+**'***,....4.....{..
,,,,,,,,,,#.......'...###'#+###..
*****,,,,,#.......#...#.....§.#..
,,,,*,,,,.#.Z.........#.......#..
,,,,*,,,,.............#.......#..
,,,,*>,,,......#......#...∩...#..
,,,,',,,,...#.....#...#.......'..
,,,,*,,,,.....2#..2...#..§....#..
,,,,*,,,,.....4#@5W.2.##'######..
,,,,+,,,,..#.##.##4#.W...........
*+***,,,,.....>#∩D...............
,,,,,,,,,......#.................
,,,,,,,,,...#.....#52............
,,,,,,,,,......#Z.....§.........Z
,,,,,,,,,..............w.##'###..
,,,,,,,,,,............§..#,,,,#..
,,,,,,,,,,,#....#........#{,,,#..


You could see a bone dragon, an eldritch tentacle, a reaper, a flayed ghost, an
ice devil, a rust devil, a hellion, 2 tormentors, a shadow, 2 iron imps, a
golden dragon zombie and an ettin zombie.

Vanquished Creatures
  the Royal Jelly (Slime:5)
  Dissolution (Slime:2)
  A seraph (Pan)
  Gloorx Vloq (Pan)
  Lom Lobon (Pan)
  Mnoleg (Pan)
  2 ancient liches
  Mennas (Depths:3)
  3 juggernauts
  3 pandemonium lords (Pan)
  Saint Roka (Orc:1)
  Frederick (Depths:2)
  Vashnia (Snake:4)
  5 golden dragons
  Geryon (Hell)
  9 bone dragons
  4 profane servitors
  Nikola (Depths:2)
  The ghost of Thantalas the Scorcher, a veteran GrEE of Vehumet (Depths:1)
  An iron giant (Dis:1)
  A pearl dragon (Pan)
  4 Brimstone Fiends (Pan)
  A Tzitzimitl (Pan)
  9 tentacled monstrosities
  Jorgrun (Orc:1)
  Rupert (Depths:2)
  3 Hell Sentinels
  The ghost of tamionv the Wallflower, an adept GrFi of Uskayaw (Vaults:4)
  15 liches
  A hellephant (Depths:3)
  The ghost of Amplified the Hoplite, an adept MiFi of the Shining One (Shoals:2)
  4 deep elf blademasters
  4 titans
  6 quicksilver dragons
  33 acid blobs
  31 Executioners
  A deep elf master archer (Elf:3)
  Polyphemus (Shoals:3)
  6 sphinxes
  Asterion (Snake:1)
  A thorn hunter (Abyss:4)
  An eldritch tentacle (WizLab)
  54 tentacled starspawn
  2 ancient champions (Dis:1)
  7 storm dragons
  A kraken (Shoals:1)
  2 revenants
  12 tengu reavers
  6 shadow dragons
  5 warmongers (Pan)
  Donald (Shoals:4)
  14 azure jellies
  9 nagarajas
  2 draconian knights
  A draconian monk (Abyss:3)
  26 daevas
  9 fire giants
  18 frost giants
  2 orc warlords
  2 imperial myrmidons (Desolation)
  17 vault wardens
  2 iron dragons
  12 deep elf sorcerers
  Aizul (Snake:1)
  28 cacodemons
  A draconian scorcher (Depths:5)
  A draconian stormcaller (Depths:5)
  4 deep elf elementalists
  27 balrugs
  5 draconian annihilators
  Louise (Elf:3)
  22 angels
  3 curse skulls (Pan)
  17 ironheart preservers
  3 ghouls
  26 very ugly things
  9 blood saints (Pan)
  2 spriggan defenders
  7 reapers
  A green draconian (Depths:5)
  12 lorocyprocas
  2 war gargoyles (Hell)
  14 stone giants
  16 deep elf annihilators
  13 black suns (Pan)
  4 entropy weavers
  5 corrupters (Pan)
  19 apis (Pan)
  14 ophanim (Pan)
  3 vampire knights
  4 deep elf demonologists (Elf:3)
  2 white draconians
  3 halazid warlocks (Desolation)
  A purple draconian (Depths:5)
  7 spark wasps
  The ghost of Ceyroiss the Quickloader, a journeyman HuWn of Dithmenos (Lair:4)
  A black draconian (Abyss:3)
  3 red draconians (Depths:5)
  A crystal guardian (Desolation)
  17 green deaths
  2 eidola
  15 blizzard demons
  6 deep elf death magi
  13 death oozes
  10 ettins
  11 merfolk impalers
  8 deep elf high priests (Elf:3)
  11 great orbs of eyes
  3 merfolk javelineers
  6 ragged hierophants (Desolation)
  10 fire dragons
  17 rakshasas
  21 yaktaur captains
  4 hell beasts
  32 vault guards
  5 hydras
  15 naga warriors
  2 juggernaut simulacra (Pan)
  7 peacekeepers (Desolation)
  2 catoblepae
  Harold (D:7)
  9 servants of whispers (Desolation)
  2 alligator snapping turtles
  10 spriggan air magi
  19 ice dragons
  14 anacondas
  6 merfolk aquamancers
  2 merfolk avatars (Shoals:3)
  13 centaur warriors
  8 monstrous demonspawn (Pan)
  32 dancing weapons
  10 death knights
  68 two-headed ogres
  12 deep troll shamans
  17 ogre magi
  4 satyrs
  2 tengu warriors
  3 death yaks
  3 hell hogs
  8 spriggan berserkers
  11 deep troll earth magi
  13 naga sharpshooters
  4 orc high priests (Orc:2)
  49 sun demons
  44 thrashing horrors
  6 shock serpents
  23 deep elf knights
  28 soul eaters
  5 titan skeletons
  35 wretched stars
  9 spatial maelstroms
  2 iron golems (Hell)
  13 shadow wraiths
  A salamander mystic (Snake:4)
  A fire crab (shapeshifter) (D:15)
  A spark wasp zombie (Depths:2)
  A sea snake (shapeshifter) (Abyss:1)
  4 iron trolls
  A deep troll (shapeshifter) (D:13)
  6 unseen horrors
  12 gelid demonspawn (Pan)
  2 hell knights
  24 sixfirhies
  12 skeletal warriors
  123 large abominations
  12 glowing orange brains
  4 flayed ghosts
  15 sea snakes
  9 torturous demonspawn (Pan)
  11 naga ritualists
  13 deep elf archers
  7 shadow demons
  An anaconda zombie (Dis:4)
  A death drake (Abyss:2)
  4 swamp dragons (Lair:5)
  A golden dragon zombie (Depths:2)
  4 infernal demonspawn (Pan)
  17 cherubim (Pan)
  17 orc knights
  37 deep trolls
  9 wizards
  8 necromancers
  An obsidian statue (WizLab)
  21 ironbrand convokers
  Pikel (D:4)
  A golden dragon skeleton (Pan)
  20 harpies
  2 fire giant zombies
  45 ugly things
  8 mana vipers
  12 manticores
  8 orc sorcerers
  3 shining eyes
  12 phantasmal warriors
  64 deep elf magi
  2 harpies (shapeshifter) (Vaults:1)
  13 salamanders
  2 moths of wrath (shapeshifter)
  A stone giant zombie (Dis:2)
  4 wolf spiders
  12 fauns
  11 worldbinders
  An iron dragon skeleton (Pan)
  2 centaur zombies
  10 elephants (Lair:6)
  9 cyclopes
  19 naga magi
  An ice statue (IceCv)
  4 merfolk sirens
  11 apocalypse crabs
  16 vault sentinels
  A fire giant skeleton (Abyss:2)
  16 guardian serpents
  36 black mambas
  7 eyes of devastation
  4 water nymphs
  18 rust devils
  47 orange demons
  A spiny frog (shapeshifter) (Depths:2)
  82 smoke demons
  3 dire elephant skeletons
  9 spiny frogs
  2 gargoyles
  49 yaktaurs
  16 rime drakes
  A catoblepas zombie (Dis:2)
  7 komodo dragons
  3 hellions
  16 demonic crawlers (Pan)
  24 red devils
  18 efreet
  A kobold demonologist (D:15)
  19 freezing wraiths
  37 ancient zymes
  4 human skeletons
  11 ice devils
  7 tormentors
  5 tengu conjurers
  13 trolls
  19 hellwings
  A jumping spider (shapeshifter) (Vaults:1)
  31 merfolk
  A meliai (shapeshifter) (Vaults:1)
  3 polar bears (shapeshifter)
  A queen bee (shapeshifter) (D:13)
  A tyrant leech (Abyss:1)
  2 raiju (shapeshifter)
  9 hornets
  6 wind drakes
  A fire dragon zombie (Hell)
  23 polar bears
  A troll (shapeshifter) (Vaults:3)
  A wind drake (shapeshifter) (Depths:1)
  54 saltlings (Desolation)
  39 blink frogs
  10 hippogriffs
  A blink frog (shapeshifter) (Abyss:5)
  12 snapping turtles
  A spriggan zombie (Depths:2)
  4 dream sheep
  89 raiju
  121 slime creatures
  A stone giant simulacrum (Vaults:2)
  3 hippogriffs (shapeshifter)
  3 air elementals
  8 flying skulls
  2 fire dragon skeletons
  24 water elementals
  42 ynoxinuls
  A shock serpent simulacrum (Abyss:2)
  4 shadows
  An alligator skeleton (Pan)
  4 redbacks (Vaults:1)
  10 wraiths
  An ettin skeleton (Abyss:2)
  125 starcursed masses
  A vampire (Abyss:1)
  17 spriggans
  3 wyverns
  57 yaks
  3 fire elementals
  6 basilisks
  Eustachio (D:5)
  2 hogs (shapeshifter)
  16 golden eyes
  A wyvern (shapeshifter) (Vaults:3)
  5 fire bats
  43 neqoxecs
  27 chaos spawn
  An emperor scorpion simulacrum (Abyss:4)
  6 steam dragons (Lair:3)
  2 hungry ghosts
  A yaktaur simulacrum (Vaults:1)
  4 vampire mosquitoes
  A warg (shapeshifter) (Vaults:3)
  15 spatial vortices
  2 insubstantial wisps
  54 nagas
  58 small abominations
  A soldier ant (shapeshifter) (Vaults:4)
  5 wargs
  A hydra simulacrum (Lair:4)
  14 hell hounds
  2 soldier ants
  2 acid dragons
  Duvessa (D:5)
  A floating eye (shapeshifter) (Vaults:4)
  A floating eye (Depths:5)
  16 water moccasins
  4 porcupines
  A spiny frog zombie (Dis:1)
  72 orc warriors
  A black bear (shapeshifter) (Elf:1)
  6 phantoms
  15 ice beasts
  5 sky beasts
  A manticore zombie (Dis:1)
  14 eyes of draining
  An ettin simulacrum (Vaults:1)
  2 slaves (D:4)
  A black mamba simulacrum (Lair:4)
  45 ogres
  4 necrophages
  An ogre (shapeshifter) (Depths:1)
  5 boggarts
  A spiny frog skeleton (Pan)
  3 black bears (Lair:6)
  30 wolves
  A tengu (shapeshifter) (Elf:1)
  26 centaurs
  3 snapping turtle skeletons
  15 crocodiles
  A human zombie (Vaults:1)
  2 big kobolds
  4 elf zombies
  18 bullfrogs
  4 earth elementals
  An ogre simulacrum (Vaults:1)
  Dowan (D:5)
  A water moccasin zombie (D:10)
  6 scorpions
  A blink frog simulacrum (Lair:4)
  A dream sheep simulacrum (Lair:4)
  4 howler monkeys
  14 wights
  A rime drake simulacrum (Lair:4)
  16 crimson imps
  2 human simulacra
  A komodo dragon simulacrum (Lair:4)
  7 quasits
  2 hounds
  2 bullfrog skeletons
  6 centaur skeletons
  37 orc priests
  13 iron imps
  7 jellies
  2 iguanas
  30 orc wizards
  A polar bear simulacrum (Lair:4)
  10 worker ants
  4 hell rats (Lair:6)
  A killer bee zombie (D:8)
  A basilisk simulacrum (Lair:4)
  A hound skeleton (D:5)
  Robin (D:2)
  4 gnolls
  9 adders
  4 shadow imps
  11 white imps
  2 oozes (D:1)
  10 ufetubi
  An adder zombie (D:5)
  An adder skeleton (D:6)
  A worm (shapeshifter) (Abyss:2)
  2 worms
  6 leopard geckos
  152 orcs
  5 bats (D:1)
  6 giant cockroaches
  16 goblins
  9 hobgoblins
  11 jackals
  3 quokkas
  A ball python (D:4)
  2 frilled lizards
  A jackal zombie (D:7)
  10 kobolds
  A kobold simulacrum (Hell)
  A kobold zombie (Abyss:2)
  A leopard gecko zombie (D:7)
  A quokka zombie (D:5)
  3 rats
  A crawling corpse (Vaults:5)
  A fire vortex (Pan)
  A fungus (Lair:3)
  4 lurking horrors
  A plant (Shoals:3)
  80 starspawn tentacles
  5 tentacles (Shoals:1)
4344 creatures vanquished.

Vanquished Creatures (collateral kills)
  A peacekeeper (Desolation)
  A merfolk aquamancer (Shoals:3)
  A shining eye (Slime:2)
  A faun (Shoals:3)
  A merfolk (Shoals:4)
  2 ynoxinuls (Pan)
7 creatures vanquished.

Vanquished Creatures (others)
  Cerebov (Pan)
  A tentacled starspawn (Abyss:3)
  An ogre mage (Vaults:1)
  An infernal demonspawn (Pan)
  A deep elf mage (Elf:1)
  A smoke demon (Depths:3)
  2 polar bears (IceCv)
  A ynoxinul (Pan)
  A fire bat (shapeshifter) (Depths:2)
  A golden eye (Slime:2)
  A large abomination (Abyss:4)
  A naga (Snake:2)
  A slave (D:4)
  2 wolves (IceCv)
  2 ogres
  A centaur (Vaults:1)
  2 small abominations (Abyss:2)
  3 gnolls (D:4)
  A white imp (Abyss:4)
  10 ball lightnings (Pan)
  An orc (Orc:2)
  A demonic plant (Pan)
  8 fungi
  2 lurking horrors (Abyss:2)
  10 plants
  93 starspawn tentacles
  25 tentacles (Shoals:1)
175 creatures vanquished.

Grand Total: 4526 creatures vanquished

Notes
Turn   | Place    | Note
-------+----------+-------------------------------------------
     0 | D:1      | Johnny the Demigod Gladiator began the quest for the Orb.
     0 | D:1      | Reached XP level 1. HP: 17/17 MP: 3/3
    21 | D:1      | Reached skill level 3 in Polearms
   179 | D:1      | Reached XP level 2. HP: 24/24 MP: 4/4
   576 | D:2      | Found an opulent altar of Gozag.
   616 | D:2      | Reached XP level 3. HP: 30/30 MP: 5/5
   806 | D:2      | Noticed Robin
   869 | D:2      | Reached skill level 4 in Polearms
   880 | D:2      | Killed Robin
  1301 | D:2      | Reached XP level 4. HP: 33/37 MP: 6/6
  1469 | D:3      | You fall into a shaft and drop 2 floors!
  1469 | D:5      | Entered Level 5 of the Dungeon
  1722 | D:5      | Noticed Sigmund
  1986 | D:4      | Reached XP level 5. HP: 39/45 MP: 7/7
  2016 | D:3      | Reached skill level 5 in Polearms
  2327 | D:3      | Found a burning altar of Makhleb.
  2330 | D:3      | Found a white marble altar of Elyvilon.
  2330 | D:3      | Found a shattered altar of Ashenzari.
  2332 | D:3      | Found an ancient bone altar of Kikubaaqudgha.
  2332 | D:3      | Found a hazy altar of Hepliaklqana.
  2332 | D:3      | Found a shimmering altar of Xom.
  2621 | D:4      | Noticed a slave
  2624 | D:4      | Noticed a slave
  2624 | D:4      | Noticed Pikel
  2625 | D:4      | Noticed a slave
  2644 | D:4      | Killed a slave
  2660 | D:4      | Killed a slave
  2669 | D:4      | Noticed a slave
  2677 | D:4      | Killed Pikel
  2677 | D:4      | Reached skill level 6 in Polearms
  2677 | D:4      | Reached XP level 6. HP: 33/53 MP: 8/8
  2677 | D:4      | Reached XP level 7. HP: 37/60 MP: 9/9
  2843 | D:4      | Found Fuitaats's Book Shop.
  2886 | D:4      | Reached skill level 7 in Polearms
  3047 | D:4      | Reached skill level 5 in Fighting
  3247 | D:4      | Found a hazy altar of Hepliaklqana.
  3331 | D:5      | Noticed Eustachio
  3368 | D:5      | Killed Eustachio
  3399 | D:5      | Noticed Duvessa
  3400 | D:5      | Noticed Dowan
  3434 | D:5      | Killed Duvessa
  3434 | D:5      | Reached skill level 8 in Polearms
  3434 | D:5      | Reached XP level 8. HP: 37/69 MP: 10/10
  3457 | D:5      | Killed Dowan
  3719 | D:6      | Found a burning altar of Makhleb.
  3722 | D:6      | Got an ichor-stained spear
  3723 | D:6      | Identified the +11 spear "Erel" {protect, +Fly rElec rN+}
                  | (You found it on level 6 of the Dungeon)
  3810 | D:6      | Got an ancient long sword
  3969 | D:6      | Found a shattered altar of Ashenzari.
  3976 | D:6      | Reached skill level 9 in Polearms
  4015 | D:6      | Found a shimmering blue altar of Sif Muna.
  4282 | D:6      | Found a radiant altar of Vehumet.
  4462 | D:7      | Got a warped ring mail
  4474 | D:7      | Identified the +7 ring mail of Tumunar {rElec rC+ MR+} (You
                  | found it on level 7 of the Dungeon)
  4510 | D:7      | Found a staircase to the Ecumenical Temple.
  4572 | D:7      | HP: 3/71 [orc priest/divine providence (13)]
  4584 | D:7      | Reached XP level 9. HP: 35/78 MP: 11/11
  4798 | D:7      | Found Hiahasuss's Assorted Antiques.
  4909 | D:7      | Noticed Harold
  4933 | D:7      | Killed Harold
  4933 | D:7      | Reached skill level 10 in Polearms
  5451 | Temple   | Entered the Ecumenical Temple
  5565 | D:8      | Reached skill level 11 in Polearms
  5589 | D:8      | Found a burning altar of Makhleb.
  5593 | D:8      | Noticed a two-headed ogre
  5602 | D:8      | Killed a two-headed ogre
  5647 | D:8      | Reached XP level 10. HP: 67/88 MP: 10/13
  5825 | D:8      | Found a snail-covered altar of Cheibriados.
  5840 | D:8      | Found a basalt altar of Yredelemnul.
  5843 | D:8      | Found a sacrificial altar of Ru.
  6254 | D:8      | Found a blossoming altar of Fedhas.
  6482 | D:9      | Found a snail-covered altar of Cheibriados.
  6523 | D:9      | Found a white marble altar of Elyvilon.
  6593 | D:9      | Reached skill level 12 in Polearms
  6632 | D:9      | Found a sparkling altar of Nemelex Xobeh.
  6789 | D:10     | Entered Level 10 of the Dungeon
  6810 | D:10     | Noticed a cyclops
  6837 | D:10     | Killed a cyclops
  7080 | D:10     | Noticed a two-headed ogre
  7086 | D:10     | Killed a two-headed ogre
  7130 | D:10     | Found a staircase to the Lair.
  7249 | D:10     | Killed an unseen horror
  7571 | D:11     | Noticed a cyan ugly thing
  7580 | D:11     | Killed a cyan ugly thing
  7580 | D:11     | Reached skill level 13 in Polearms
  7580 | D:11     | Reached XP level 11. HP: 80/97 MP: 12/14
  7877 | D:11     | Noticed a two-headed ogre
  7886 | D:11     | Killed a two-headed ogre
  8041 | D:11     | Found Goor's Weapon Emporium.
  8048 | D:11     | Reached skill level 10 in Fighting
  8164 | D:11     | Found a staircase to the Orcish Mines.
  8167 | D:11     | Found Omivaduk's Armour Emporium.
  8705 | D:12     | Found Dydala's Magic Scroll Shoppe.
  8720 | D:12     | Bought a scroll of identify for 28 gold pieces
  8720 | D:12     | Bought a scroll of identify for 28 gold pieces
  8720 | D:12     | Bought a scroll of teleportation for 42 gold pieces
  8720 | D:12     | Bought a scroll of fog for 28 gold pieces
  8720 | D:12     | Bought a scroll of magic mapping for 49 gold pieces
  8720 | D:12     | Bought a scroll of teleportation for 42 gold pieces
  8720 | D:12     | Bought a scroll of immolation for 49 gold pieces
  8721 | D:12     | Identified the cursed +1 long sword of Diet Blood {flame,
                  | +Blink MR+ Dex+3} (You found it on level 6 of the Dungeon)
  8939 | D:12     | Reached skill level 14 in Polearms
  9602 | D:13     | Found a transporter.
  9602 | D:13     | Noticed a centaur warrior
  9604 | D:13     | Noticed a centaur warrior
  9605 | D:13     | Noticed an ettin
  9605 | D:13     | Noticed a deep elf archer
  9605 | D:13     | Noticed a two-headed ogre
  9611 | D:13     | Noticed a two-headed ogre
  9620 | D:13     | Killed a two-headed ogre
  9628 | D:13     | Found a transporter.
  9890 | D:13     | Noticed an ogre mage
  9890 | D:13     | Noticed a two-headed ogre
  9891 | D:13     | Noticed a two-headed ogre
  9903 | D:13     | Killed a two-headed ogre
  9914 | D:13     | Killed a two-headed ogre
  9929 | D:13     | Killed an ogre mage
  9929 | D:13     | Reached XP level 12. HP: 80/110 MP: 9/15
  9982 | D:13     | Found a gate to the Vaults.
 10051 | D:13     | Reached skill level 15 in Polearms
 10701 | D:14     | Noticed a catoblepas
 10703 | D:14     | Noticed a centaur warrior
 10716 | D:14     | Killed a centaur warrior
 10737 | D:13     | Killed a catoblepas
 11061 | D:14     | Reached skill level 16 in Polearms
 11063 | D:14     | Noticed a death knight
 11086 | D:14     | Killed a death knight
 11353 | D:14     | Noticed a centaur warrior
 11377 | D:14     | Killed a centaur warrior
 11414 | D:14     | Reached XP level 13. HP: 94/118 MP: 12/16
 11851 | D:15     | Entered Level 15 of the Dungeon
 11993 | D:15     | Reached skill level 1 in Armour
 11993 | D:15     | Reached skill level 1 in Spellcasting
 12605 | D:15     | Found a staircase to the Depths.
 12826 | D:15     | Reached skill level 17 in Polearms
 13340 | D:4      | Bought a book of Minor Magic for 280 gold pieces
 13343 | D:4      | Learned a level 2 spell: Blink
 13456 | Lair:1   | Entered Level 1 of the Lair of Beasts
 13546 | Lair:1   | Reached skill level 1 in Translocations
 15327 | Lair:2   | Got an ivory war axe
 15446 | Lair:3   | Identified the +11 war axe "Iwoyt Xyw" {chop, MR+ Dex+2}
                  | (You found it on level 2 of the Lair of Beasts)
 15514 | Lair:3   | Reached XP level 14. HP: 120/127 MP: 19/22
 15868 | Lair:3   | Found a staircase to the Shoals.
 16532 | Lair:4   | Noticed Ceyroiss's ghost (journeyman HuWn)
 16566 | Lair:4   | Reached skill level 5 in Dodging
 16567 | Lair:4   | You fall into a shaft and drop 1 floor!
 16575 | Lair:5   | Found a transporter.
 16673 | Lair:4   | Found a frozen archway.
 16708 | IceCv    | Entered an ice cave
 17534 | IceCv    | Noticed a frost giant
 17595 | IceCv    | Killed a frost giant
 17595 | IceCv    | Reached skill level 5 in Translocations
 18145 | Lair:4   | Found a staircase to the Snake Pit.
 18267 | Lair:4   | Found a runed translucent gate.
 18268 | Lair:4   | Found a runed translucent gate.
 18269 | Lair:4   | Found a runed translucent gate.
 19059 | Lair:4   | Killed Ceyroiss's ghost
 19062 | Lair:4   | Got the ring "Yhih" {Fire}
 19291 | Lair:5   | Found a transporter.
 19362 | Lair:5   | Reached skill level 5 in Armour
 19665 | Lair:5   | Got a faintly glowing buckler
 19677 | Lair:5   | Identified the +0 buckler of Dyspraxia {rC+ rCorr Int+4}
                  | (You found it on level 5 of the Lair of Beasts)
 19780 | Lair:6   | Entered Level 6 of the Lair of Beasts
 19994 | Lair:6   | Reached XP level 15. HP: 131/136 MP: 24/26
 20097 | Lair:6   | Reached skill level 18 in Polearms
 20274 | Lair:6   | Paralysed by a hornet for 3 turns
 20388 | Lair:6   | Reached skill level 5 in Spellcasting
 20598 | Lair:6   | Found the +8 arc blade {discharge, rElec}
 21129 | Lair:6   | Found a staircase to the Slime Pits.
 21130 | Lair:6   | Found a viscous altar of Jiyva.
 21499 | Snake:1  | Entered Level 1 of the Snake Pit
 21767 | Snake:1  | Noticed Asterion
 21787 | Snake:1  | Killed Asterion
 22150 | Snake:1  | Noticed Aizul
 22198 | Snake:1  | Killed Aizul
 23864 | Snake:2  | Noticed a nagaraja
 24109 | Snake:2  | Killed a nagaraja
 24777 | Snake:3  | Reached XP level 16. HP: 61/145 MP: 19/29
 25215 | Snake:3  | Identified 2 scrolls of acquirement
 25237 | Snake:3  | Got a slimy buckler
 25250 | Snake:3  | Identified the +3 buckler "Hero's Friend" {rElec} (You
                  | acquired it on level 3 of the Snake Pit)
 26315 | Snake:3  | Found Huruv's Jewellery Emporium.
 26317 | Snake:3  | Found Vecluyji's Gadget Shop.
 26318 | Snake:3  | Found Beah's Jewellery Emporium.
 26341 | Snake:3  | Bought the ring "Nutwiv" {rN+ Str+2 Slay+2 SInv} for 469
                  | gold pieces
 26782 | Snake:4  | Entered Level 4 of the Snake Pit
 27501 | Snake:4  | Noticed Vashnia
 28226 | Snake:4  | Killed Vashnia
 28226 | Snake:4  | Reached skill level 19 in Polearms
 28783 | Snake:4  | Reached skill level 10 in Translocations
 29551 | Snake:4  | Learned a level 5 spell: Lee's Rapid Deconstruction
 29623 | Snake:4  | Reached skill level 1 in Earth Magic
 29664 | Snake:4  | Reached XP level 17. HP: 87/154 MP: 21/32
 30145 | Snake:4  | Got a serpentine rune of Zot
 30330 | Shoals:1 | Entered Level 1 of the Shoals
 30395 | Shoals:1 | Learned a level 8 spell: Discord
 30483 | Shoals:1 | Reached skill level 1 in Hexes
 31621 | Shoals:2 | Found a runed translucent door.
 31622 | Shoals:2 | Noticed Amplified's ghost (adept MiFi)
 31885 | Shoals:2 | Killed Amplified's ghost
 31885 | Shoals:2 | Reached skill level 5 in Hexes
 32670 | Shoals:3 | Got a shimmering jade ring
 32674 | Shoals:3 | Identified the ring of Juracs {MP+9 Str+3 Dex+3} (You found
                  | it on level 3 of the Shoals)
 33059 | Orc:1    | Entered Level 1 of the Orcish Mines
 33537 | Orc:1    | Found Qiyrchol's Book Boutique.
 33658 | Orc:2    | Entered Level 2 of the Orcish Mines
 33772 | Orc:2    | Noticed Jorgrun
 33851 | Orc:2    | Noticed Saint Roka
 33887 | Orc:1    | Killed Jorgrun
 34105 | Orc:1    | Killed Saint Roka
 34367 | Orc:2    | Found Ahiuherph's Book Boutique.
 34382 | Orc:2    | Found a roughly hewn altar of Beogh.
 34490 | Orc:2    | Found Maitit's Antique Armour Shop.
 34990 | Orc:2    | Found a roughly hewn altar of Beogh.
 35116 | Orc:2    | Found Honeurergh's Armour Shop.
 35262 | Orc:2    | Found Turik's Antique Armour Shoppe.
 35489 | Orc:2    | Found a staircase to the Elven Halls.
 35562 | Orc:2    | Bought a bronze crystal plate armour for 2380 gold pieces
 35562 | Orc:2    | Bought a pair of glowing boots for 210 gold pieces
 35583 | Orc:2    | Identified the +11 crystal plate armour of the Trilobite
                  | {Slay+2} (You bought it in a shop on level 2 of the Orcish
                  | Mines)
 35664 | Elf:1    | Entered Level 1 of the Elven Halls
 36010 | Elf:1    | Found Qutaopoe's Antique Armour Shoppe.
 36038 | Elf:1    | Bought a steaming helmet for 209 gold pieces
 36049 | Elf:1    | Identified the +1 helmet of Prudence {rF+ rCorr Dex+6} (You
                  | bought it in a shop on level 1 of the Elven Halls)
 36201 | Elf:1    | Reached XP level 18. HP: 161/161 MP: 34/34
 36359 | Elf:1    | Found an ancient bone altar of Kikubaaqudgha.
 36993 | Elf:1    | Bought a steaming helmet for 209 gold pieces
 36993 | Elf:1    | Bought a bronze plate armour for 616 gold pieces
 36993 | Elf:1    | Bought a runed scarf for 176 gold pieces
 37004 | Elf:1    | Identified the +2 helmet "Muysu" {*Contam +Blink Int+4}
                  | (You bought it in a shop on level 1 of the Elven Halls)
 37030 | Elf:1    | Identified the +1 plate armour of Makhleb {+Inv Regen+
                  | rCorr Str-4} (You bought it in a shop on level 1 of the
                  | Elven Halls)
 37199 | Elf:2    | Found Plog's Mass Market.
 37206 | Elf:2    | Reached skill level 15 in Fighting
 37272 | Elf:2    | Found a ruined gateway.
 37321 | Desolati | Entered the Desolation of Salt
 37641 | Desolati | Got a warped wooden ring
 37644 | Desolati | Identified the ring "Egaid" {+Blink rElec rN+++ Dex+3
                  | Stlth-} (You found it in the Desolation of Salt)
 37758 | Desolati | Identified the Incunabulum of Good Luck and Battle Magic
 37760 | Desolati | Identified Uqeak's Disquisition on Dislocated Heat
 38309 | Desolati | Reached skill level 10 in Armour
 38495 | Desolati | Identified the Papyrus of the Mountains and Changing
 38510 | Desolati | Identified the Guide on Aerial Shape Shifting
 38681 | Desolati | Identified the ring "Tofawk" {Fire rElec MR- Dex-5 SInv}
 38727 | Desolati | Got a bound marble ring
 38728 | Desolati | Identified the Compendium of the Glacier
 38737 | Desolati | Identified Fikowops's Catalogue of Destructive
                  | Translocation
 39134 | Elf:2    | Found a runed translucent gate.
 39134 | Elf:2    | Found a runed translucent gate.
 39134 | Elf:2    | Found a runed translucent gate.
 39583 | Elf:2    | Identified the Almanac of Necromancy
 39679 | Elf:2    | Reached skill level 20 in Polearms
 40161 | Elf:2    | Reached XP level 19. HP: 148/172 MP: 30/35
 40472 | Elf:3    | Entered Level 3 of the Elven Halls
 40599 | Elf:3    | Identified the ring of Symmetry {Int+4 Stlth-} (You found
                  | it in the Desolation of Salt)
 40674 | Elf:3    | Noticed Louise
 40708 | Elf:3    | Killed Louise
 40761 | Elf:3    | Cast into level 3 of the Abyss (a deep elf demonologist)
 40902 | Abyss:3  | Got a dazzling hat
 40911 | Elf:3    | Escaped the Abyss
 40947 | Elf:3    | Noticed a Tzitzimitl
 41006 | Elf:3    | Identified the +0 hat of Prudence {rN+} (You found it on
                  | level 3 of the Abyss)
 41597 | Elf:3    | Cast into level 3 of the Abyss (a deep elf sorcerer)
 41868 | Abyss:3  | Noticed a bone dragon
 41897 | Abyss:3  | Killed a bone dragon
 41899 | Abyss:3  | Noticed a profane servitor
 41929 | Abyss:3  | Killed a profane servitor
 41954 | Elf:3    | Escaped the Abyss
 42457 | Elf:3    | Identified the +5 glaive of Inflation {speed, +Inv rElec}
 42457 | Elf:3    | Identified the ring "Obrazew" {rPois rC+ rN+ MR+ Int+4}
 42708 | Elf:3    | Identified the ring of Cizoots {Fire rElec rPois Slay+2}
 42743 | Elf:3    | Identified the ring of the Leaf {AC+4 Str+5}
 44078 | Shoals:3 | Reached XP level 20. HP: 148/184 MP: 28/36
 44222 | Shoals:3 | Noticed Polyphemus
 44235 | Shoals:3 | Killed Polyphemus
 44328 | Shoals:4 | Entered Level 4 of the Shoals
 44505 | Shoals:4 | Reached skill level 21 in Polearms
 44569 | Shoals:4 | Noticed Donald
 44586 | Shoals:4 | Killed Donald
 44831 | Shoals:4 | Got an ichor-stained cloak
 44832 | Shoals:4 | Identified the -3 cloak of Charity {rElec rC+ Int-2} (You
                  | found it on level 4 of the Shoals)
 45450 | Shoals:4 | Got a barnacled rune of Zot
 45844 | Vaults:1 | Entered Level 1 of the Vaults
 46858 | Vaults:1 | Reached skill level 22 in Polearms
 47162 | Vaults:1 | Reached XP level 21. HP: 187/192 MP: 34/37
 47987 | Vaults:2 | Reached skill level 23 in Polearms
 48159 | Vaults:2 | You fall into a shaft and drop 2 floors!
 48165 | Vaults:4 | Found Ikinaeli's Distillery.
 48241 | Vaults:4 | Bought a potion of haste for 180 gold pieces
 48241 | Vaults:4 | Bought a potion of heal wounds for 90 gold pieces
 48241 | Vaults:4 | Bought a potion of brilliance for 72 gold pieces
 48241 | Vaults:4 | Bought a potion of curing for 54 gold pieces
 48241 | Vaults:4 | Bought a potion of flight for 54 gold pieces
 48241 | Vaults:4 | Bought a potion of berserk rage for 90 gold pieces
 48241 | Vaults:4 | Bought 2 potions of flight for 108 gold pieces
 48241 | Vaults:4 | Bought a potion of ambrosia for 144 gold pieces
 48241 | Vaults:4 | Bought a potion of resistance for 180 gold pieces
 48241 | Vaults:4 | Bought a potion of heal wounds for 90 gold pieces
 48241 | Vaults:4 | Bought a potion of lignification for 54 gold pieces
 48241 | Vaults:4 | Bought a potion of magic for 144 gold pieces
 48292 | Vaults:3 | Found Revobeawn's Jewellery Shoppe.
 48668 | Vaults:3 | Learned a level 2 spell: Shroud of Golubria
 48672 | Vaults:3 | Learned a level 3 spell: Regeneration
 48681 | Vaults:3 | Learned a level 8 spell: Controlled Blink
 48982 | Vaults:3 | Found Wasuask's General Store.
 48985 | Vaults:3 | Bought a scroll of identify for 26 gold pieces
 48985 | Vaults:3 | Bought a potion of agility for 52 gold pieces
 49060 | Vaults:3 | Found Vetiukk's Antique Armour Boutique.
 49408 | Vaults:3 | Found Xynt's Armour Shoppe.
 50012 | Vaults:2 | Found Suxta's Distillery.
 50048 | Vaults:2 | Bought 2 potions of magic for 320 gold pieces
 50048 | Vaults:2 | Bought 2 potions of haste for 400 gold pieces
 50048 | Vaults:2 | Bought a potion of berserk rage for 100 gold pieces
 50048 | Vaults:2 | Bought a potion of flight for 60 gold pieces
 50048 | Vaults:2 | Bought a potion of curing for 60 gold pieces
 50048 | Vaults:2 | Bought a potion of curing for 60 gold pieces
 50048 | Vaults:2 | Bought a potion of agility for 80 gold pieces
 50048 | Vaults:2 | Bought 2 potions of magic for 320 gold pieces
 50048 | Vaults:2 | Bought a potion of curing for 60 gold pieces
 50048 | Vaults:2 | Bought a potion of invisibility for 160 gold pieces
 50048 | Vaults:2 | Bought a potion of curing for 60 gold pieces
 50048 | Vaults:2 | Bought a potion of flight for 60 gold pieces
 50048 | Vaults:2 | Bought a potion of invisibility for 160 gold pieces
 50048 | Vaults:2 | Bought a potion of curing for 60 gold pieces
 50201 | Vaults:2 | Reached skill level 24 in Polearms
 50584 | Vaults:2 | Found a staircase to the Crypt.
 50815 | Vaults:2 | Reached XP level 22. HP: 186/200 MP: 34/38
 51054 | Vaults:4 | Paralysed by a floating eye for 4 turns
 52085 | Vaults:4 | Found a runed translucent door.
 52085 | Vaults:4 | Noticed tamionv's ghost (adept GrFi)
 52118 | Vaults:4 | Killed tamionv's ghost
 52175 | Vaults:5 | Entered Level 5 of the Vaults
 52410 | Vaults:5 | Reached skill level 25 in Polearms
 52897 | Vaults:5 | Identified the Tome of Icy Clay
 52977 | Vaults:5 | Got a pair of polished boots
 52978 | Vaults:5 | Identified the +4 pair of boots of Biaph {rElec rF+ Str-4
                  | Int+3} (You found it on level 5 of the Vaults)
 53179 | Vaults:5 | Reached XP level 23. HP: 148/206 MP: 27/39
 53673 | Vaults:5 | Got a bound copper amulet
 53675 | Vaults:5 | Identified the amulet "Lemnaebb" {Harm *Drain rF+ MR+ Str-4
                  | Int+6} (You found it on level 5 of the Vaults)
 53762 | Vaults:5 | Found the +9 sword of Zonguldrok {reap}
 53833 | Vaults:5 | Found the +0 sword of Power
 53842 | Vaults:5 | Got a silver rune of Zot
 54329 | Depths:1 | Entered Level 1 of the Depths
 54365 | Depths:1 | Reached skill level 26 in Polearms
 54395 | Depths:1 | Found Maist's Food Boutique.
 54509 | Depths:1 | Found a gateway to a ziggurat.
 54540 | Depths:1 | Found a one-way gate to the infinite horrors of the Abyss.
 54812 | Depths:1 | Found a runed translucent door.
 54849 | Depths:1 | Found a gateway to Hell.
 54860 | Depths:1 | Noticed Thantalas's ghost (veteran GrEE)
 55045 | Depths:1 | Killed Thantalas's ghost
 55374 | Depths:2 | Noticed Nikola
 55397 | Depths:2 | Killed Nikola
 55400 | Depths:2 | Noticed Rupert
 55413 | Depths:2 | Killed Rupert
 55452 | Depths:2 | Noticed Frederick
 55479 | Depths:2 | Killed Frederick
 55732 | Depths:2 | Reached skill level 27 in Polearms
 55759 | Depths:2 | Noticed a juggernaut
 55829 | Depths:2 | Reached skill level 15 in Translocations
 55857 | Depths:2 | Killed a juggernaut
 56424 | Depths:3 | Found a magical portal.
 56436 | WizLab   | Found a transporter.
 56439 | WizLab   | Found a corrupted altar of Lugonu.
 56440 | WizLab   | Found the +2 cloak of the Thief {+Fog Slay-2 SInv Stlth+}
 56461 | WizLab   | Found a transporter.
 56509 | WizLab   | Found a transporter.
 56553 | WizLab   | Found a transporter.
 56553 | WizLab   | Found a transporter.
 56656 | WizLab   | Found a transporter.
 56669 | WizLab   | Found a transporter.
 56733 | WizLab   | Found a transporter.
 56746 | WizLab   | Found a transporter.
 56799 | WizLab   | Got a smoking cloak
 56805 | WizLab   | Got a faintly glowing cloak
 56808 | WizLab   | Identified the cursed +0 cloak "Midarr" {Regen+ Int+4} (You
                  | found it in a wizard's laboratory)
 56809 | WizLab   | Identified the +1 cloak of Ashenzari's Anger {Regen+ Int+2}
                  | (You found it in a wizard's laboratory)
 56813 | WizLab   | Got a twisted cloak
 56816 | WizLab   | Identified the +0 cloak of the Trout {Slay+3} (You found it
                  | in a wizard's laboratory)
 56949 | Depths:3 | Noticed a juggernaut
 57017 | Depths:3 | Noticed a juggernaut
 57033 | Depths:3 | Killed a juggernaut
 57033 | Depths:3 | Reached XP level 24. HP: 120/215 MP: 25/39
 57046 | Depths:3 | Killed a juggernaut
 57388 | Depths:3 | Noticed Mennas
 57669 | Depths:3 | Killed Mennas
 57684 | Depths:3 | Got a warped lapis lazuli ring
 57725 | Depths:3 | Got a twisted scale mail
 57726 | Depths:3 | Identified the cursed +1 scale mail of the Lute {Dex+4
                  | Slay+5 SInv} (You found it on level 3 of the Depths)
 57727 | Depths:3 | Identified the ring "Yshruk" {+Inv SInv} (You found it on
                  | level 3 of the Depths)
 58121 | Depths:3 | Found a one-way gate leading to the halls of Pandemonium.
 59722 | Depths:5 | Entered Level 5 of the Depths
 59954 | Depths:5 | Found a gate to the Realm of Zot.
 60797 | Depths:5 | Reached skill level 10 in Spellcasting
 61268 | Slime:1  | Entered Level 1 of the Pits of Slime
 61275 | Slime:1  | Reached XP level 25. HP: 175/224 MP: 42/42
 61561 | Slime:1  | Found a viscous altar of Jiyva.
 61597 | Slime:1  | Gained mutation: Scrolls take you a little longer to read.
                  | [a shining eye]
 61854 | Slime:2  | Noticed Dissolution
 61865 | Slime:2  | Paralysed by a floating eye for 4 turns
 61871 | Slime:2  | Killed Dissolution
 62010 | Slime:1  | Gained mutation: You are clumsy. (Dex -2) [a shining eye]
 63812 | Slime:5  | Entered Level 5 of the Pits of Slime
 64068 | Slime:5  | Gained mutation: You tend to lose your temper in combat. [a
                  | shining eye]
 64073 | Slime:5  | Gained mutation: You are frail. (-10% HP) [a shining eye]
 64088 | Slime:5  | Lost mutation: You tend to lose your temper in combat.
                  | [potion of mutation]
 64088 | Slime:5  | Lost mutation: Scrolls take you a little longer to read.
                  | [potion of mutation]
 64088 | Slime:5  | Lost mutation: You are frail. (-10% HP) [potion of
                  | mutation]
 64088 | Slime:5  | Lost mutation: You are clumsy. (Dex -2) [potion of
                  | mutation]
 64088 | Slime:5  | Gained mutation: You expend magic power (3 MP) to
                  | strengthen your wands. [potion of mutation]
 64088 | Slime:5  | Gained mutation: You evolve. [potion of mutation]
 64088 | Slime:5  | Gained mutation: Your mind is acute. (Int +2) [potion of
                  | mutation]
 64088 | Slime:5  | Gained mutation: Your flesh is cold resistant. (rC+)
                  | [potion of mutation]
 64268 | Slime:5  | Gained mutation: You are clumsy. (Dex -2) [evolution]
 64282 | Slime:5  | Found a viscous altar of Jiyva.
 64284 | Slime:5  | Found the +8 demon blade "Bloodbane" {slice, *Rage +Rage
                  | Stlth-}
 64426 | Slime:5  | Noticed the Royal Jelly
 64440 | Slime:5  | Killed the Royal Jelly
 64655 | Slime:5  | Got a scorched scythe
 64656 | Slime:5  | Identified the cursed +1 scythe "Meocoet" {flame, rN+ Str+4
                  | Dex+5} (You found it on level 5 of the Pits of Slime)
 64679 | Slime:5  | Got a glittering lapis lazuli ring
 64680 | Slime:5  | Identified the ring "Noahimn" {Wiz MR- Dex+7 SInv} (You
                  | found it on level 5 of the Pits of Slime)
 64684 | Slime:5  | Identified Spellcraft in Simple Steps
 64691 | Slime:5  | Got a slimy rune of Zot
 64730 | Slime:5  | Got a translucent pewter ring
 64752 | Slime:5  | Identified the ring of Wishful Thinking {rPois MR+} (You
                  | found it on level 5 of the Pits of Slime)
 64755 | Slime:5  | Got a faintly glowing leather armour
 65167 | Depths:1 | Voluntarily entered the Abyss.
 65167 | Abyss:1  | Found a corrupted altar of Lugonu.
 66133 | Abyss:2  | Reached XP level 26. HP: 225/233 MP: 45/45
 66265 | Abyss:3  | Identified the Incunabulum of Transmutation
 66533 | Abyss:3  | Paralysed by accursed screaming for 2 turns
 66660 | Abyss:4  | Found a corrupted altar of Lugonu.
 66918 | Abyss:4  | Gained mutation: Scrolls take you a little longer to read.
                  | [a neqoxec]
 66926 | Abyss:4  | Gained mutation: You are partially covered in slimy green
                  | scales. (AC +2) [a neqoxec]
 66934 | Abyss:4  | Gained mutation: You are frail. (-10% HP) [a neqoxec]
 67096 | Abyss:4  | Identified the +3 leather armour "Ruiku" {Str-2 Int+4
                  | Slay+2} (You found it on level 5 of the Pits of Slime)
 67361 | Abyss:4  | Gained mutation: You are weak. (Str -2) [a neqoxec]
 67370 | Abyss:4  | Gained mutation: Your body sometimes deteriorates upon
                  | taking damage. [a neqoxec]
 67741 | Abyss:4  | Gained mutation: You are very clumsy. (Dex -4) [a neqoxec]
 67857 | Abyss:4  | Reached skill level 15 in Armour
 67884 | Abyss:4  | Paralysed by accursed screaming for 1 turns
 68330 | Abyss:4  | Noticed an ancient lich
 68348 | Abyss:4  | Killed an ancient lich
 68468 | Abyss:5  | Entered Level 5 of the Abyss
 68725 | Abyss:5  | Lost mutation: Your mind is acute. (Int +2) [a neqoxec]
 68752 | Abyss:5  | Reached skill level 15 in Spellcasting
 68757 | Depths:1 | Escaped the Abyss
 68865 | Depths:1 | Voluntarily entered the Abyss.
 69012 | Abyss:1  | Reached XP level 27. HP: 203/216 MP: 48/48
 69374 | Abyss:1  | Found a corrupted altar of Lugonu.
 69577 | Abyss:1  | Paralysed by you for 2 turns
 69845 | Abyss:1  | Noticed an ancient lich
 69852 | Abyss:1  | Killed an ancient lich
 70067 | Abyss:1  | Gained mutation: Potions are less effective at restoring
                  | your health. [a neqoxec]
 70926 | Abyss:2  | Gained mutation: Potions are poor at restoring your health.
                  | [a neqoxec]
 71100 | Abyss:2  | Gained mutation: Scrolls take you longer to read. [a
                  | neqoxec]
 71282 | Abyss:2  | Paralysed by accursed screaming for 1 turns
 71689 | Abyss:2  | Found a corrupted altar of Lugonu.
 71736 | Abyss:2  | Gained mutation: Your mind is acute. (Int +2) [evolution]
 71736 | Abyss:2  | Lost mutation: You evolve. [end of evolution]
 72266 | Abyss:2  | Paralysed by you for 5 turns
 72371 | Abyss:2  | Lost mutation: Your mind is acute. (Int +2) [a neqoxec]
 72848 | Abyss:2  | Found a sacrificial altar of Ru.
 73721 | Abyss:3  | Gained mutation: Scrolls take you much longer to read. [a
                  | cacodemon]
 73778 | Abyss:3  | Paralysed by accursed screaming for 2 turns
 73803 | Abyss:3  | Got an abyssal rune of Zot
 73851 | Abyss:4  | Found a corrupted altar of Lugonu.
 73860 | Depths:1 | Escaped the Abyss
 73862 | Depths:1 | Lost mutation: Your body sometimes deteriorates upon taking
                  | damage. [potion of mutation]
 73862 | Depths:1 | Lost mutation: Scrolls take you much longer to read.
                  | [potion of mutation]
 73862 | Depths:1 | Lost mutation: Scrolls take you longer to read. [potion of
                  | mutation]
 73862 | Depths:1 | Lost mutation: You expend magic power (3 MP) to strengthen
                  | your wands. [potion of mutation]
 73862 | Depths:1 | Lost mutation: Scrolls take you a little longer to read.
                  | [potion of mutation]
 73862 | Depths:1 | Gained mutation: Your flesh is heat resistant. (rF+)
                  | [potion of mutation]
 73863 | Depths:1 | Lost mutation: You are very clumsy. (Dex -4) [potion of
                  | mutation]
 73863 | Depths:1 | Lost mutation: You are frail. (-10% HP) [potion of
                  | mutation]
 73863 | Depths:1 | Gained mutation: You have large cloven feet. [potion of
                  | mutation]
 73863 | Depths:1 | Gained mutation: You are somewhat resistant to further
                  | mutation. [potion of mutation]
 74053 | Pan      | Entered Pandemonium
 74197 | Pan      | Noticed Sutwasug the pandemonium lord
 74270 | Pan      | Gained mutation: Scrolls take you a little longer to read.
                  | [a cacodemon]
 74298 | Pan      | Gained mutation: You are very clumsy. (Dex -4) [mutagenic
                  | glow]
 74455 | Pan      | Killed Sutwasug the pandemonium lord
 75103 | Pan      | Cast into level 5 of the Abyss (miscasting Controlled
                  | Blink)
 75103 | Abyss:5  | Entered Level 5 of the Abyss
 75174 | Pan      | Escaped the Abyss
 75192 | Pan      | Noticed Zedghez the pandemonium lord
 75259 | Pan      | Killed Zedghez the pandemonium lord
 75752 | Pan      | Noticed Betick the pandemonium lord
 75910 | Pan      | Killed Betick the pandemonium lord
 76405 | Pan      | Learned a level 1 spell: Apportation
 77911 | Pan      | Gained mutation: Armour fits poorly on your strangely
                  | shaped body. [mutagenic glow]
 77971 | Pan      | Gained mutation: Your spells are a little easier to cast,
                  | but a little less powerful. [mutagenic glow]
 78029 | Pan      | Gained mutation: Scrolls take you longer to read.
                  | [mutagenic glow]
 78133 | Pan      | Lost mutation: Scrolls take you longer to read. [potion of
                  | mutation]
 78133 | Pan      | Lost mutation: You are very clumsy. (Dex -4) [potion of
                  | mutation]
 78133 | Pan      | Lost mutation: You have large cloven feet. [potion of
                  | mutation]
 78133 | Pan      | Lost mutation: You are clumsy. (Dex -2) [potion of
                  | mutation]
 78133 | Pan      | Gained mutation: You are partially covered in molten
                  | scales. (AC +2) [potion of mutation]
 78134 | Pan      | Lost mutation: Armour fits poorly on your strangely shaped
                  | body. [potion of mutation]
 78134 | Pan      | Lost mutation: Your flesh is cold resistant. (rC+) [potion
                  | of mutation]
 78134 | Pan      | Gained mutation: You have a pair of small antennae on your
                  | head. [potion of mutation]
 78135 | Pan      | Lost mutation: You are partially covered in slimy green
                  | scales. (AC +2) [potion of mutation]
 78135 | Pan      | Lost mutation: Your spells are a little easier to cast, but
                  | a little less powerful. [potion of mutation]
 78135 | Pan      | Lost mutation: You are weak. (Str -2) [potion of mutation]
 78199 | Pan      | Identified the +1 leather armour "Goirhiff" {rC+ MR- Str+4}
 78423 | Pan      | Identified the +7 morningstar "Widowmaker" {crush, Fragile
                  | rPois rC+}
 78506 | Pan      | Noticed a seraph
 78532 | Pan      | Killed a seraph
 78532 | Pan      | Identified the cursed +1 chain mail "Wamp" {rPois rCorr}
 78591 | Pan      | Found a glowing golden altar of the Shining One.
 78633 | Pan      | Got a demonic rune of Zot
 78641 | Pan      | Got a shimmering broad axe
 78644 | Pan      | Identified the +5 broad axe "Ogre's Doom" {chop, MR+ Str+2
                  | Int+3 Dex+3} (You found it in Pandemonium)
 78651 | Pan      | Got a smoking rapier
 78654 | Pan      | Identified the cursed +1 rapier "Oralyeniwk" {protect, rF+
                  | Str+3} (You found it in Pandemonium)
 79047 | Pan      | Found a glowing silver altar of Zin.
 79287 | Pan      | Reached skill level 1 in Charms
 79459 | Pan      | Noticed Hyecear the pandemonium lord
 79469 | Pan      | Cast into level 4 of the Abyss (Hyecear)
 79469 | Abyss:4  | Found a corrupted altar of Lugonu.
 79484 | Pan      | Escaped the Abyss
 80366 | Pan      | Found an exit through the horrors of the Abyss.
 80481 | Pan      | Found a runed translucent door.
 80605 | Pan      | Entered the realm of Lom Lobon.
 80693 | Pan      | Reached skill level 10 in Hexes
 81546 | Pan      | Noticed Lom Lobon
 81746 | Pan      | Killed Lom Lobon
 81881 | Pan      | Got a magical rune of Zot
 82294 | Pan      | Lost mutation: Your flesh is heat resistant. (rF+) [a
                  | cacodemon]
 82481 | Pan      | Entered the realm of Mnoleg.
 82616 | Pan      | Gained mutation: You tend to lose your temper in combat. [a
                  | cacodemon]
 83011 | Pan      | Gained mutation: You are weak. (Str -2) [a neqoxec]
 83013 | Pan      | Gained mutation: Your body sometimes deteriorates upon
                  | taking damage. [a neqoxec]
 83097 | Pan      | Gained mutation: Armour fits poorly on your strangely
                  | shaped body. [a neqoxec]
 83130 | Pan      | Gained mutation: You are dopey. (Int -2) [a neqoxec]
 83155 | Pan      | Reached skill level 5 in Charms
 83231 | Pan      | Noticed Mnoleg
 83323 | Pan      | Killed Mnoleg
 83522 | Pan      | Got a glowing rune of Zot
 83678 | Pan      | Gained mutation: You are very weak. (Str -4) [a neqoxec]
 83960 | Pan      | Entered the realm of Gloorx Vloq.
 83960 | Pan      | Noticed Gloorx Vloq
 84011 | Pan      | Gained mutation: You are frail. (-10% HP) [mutagenic glow]
 84173 | Pan      | Lost mutation: You are frail. (-10% HP) [potion of
                  | mutation]
 84173 | Pan      | Lost mutation: Armour fits poorly on your strangely shaped
                  | body. [potion of mutation]
 84173 | Pan      | Lost mutation: Your body sometimes deteriorates upon taking
                  | damage. [potion of mutation]
 84174 | Pan      | Lost mutation: You are very weak. (Str -4) [potion of
                  | mutation]
 84174 | Pan      | Lost mutation: You are somewhat resistant to further
                  | mutation. [potion of mutation]
 84174 | Pan      | Gained mutation: You occasionally shout uncontrollably at
                  | your foes. [potion of mutation]
 84174 | Pan      | Gained mutation: You evolve. [potion of mutation]
 84174 | Pan      | Gained mutation: You are mostly covered in molten scales.
                  | (AC +3) [potion of mutation]
 84413 | Pan      | Reached skill level 10 in Dodging
 84970 | Pan      | Gained mutation: You sometimes yell uncontrollably at your
                  | foes. [mutagenic glow]
 85020 | Pan      | Gained mutation: You are very dopey. (Int -4) [mutagenic
                  | glow]
 85268 | Pan      | Got a dark rune of Zot
 85312 | Pan      | Entered the realm of Cerebov.
 86074 | Pan      | Noticed Gloorx Vloq
 86094 | Pan      | Killed Gloorx Vloq
 86226 | Pan      | Identified the +6 sword of Cerebov {flame}
 86226 | Pan      | Noticed Cerebov
 86270 | Pan      | Killed Cerebov
 86480 | Pan      | Got a fiery rune of Zot
 87203 | Pan      | Got a distressingly furry ring mail
 87220 | Pan      | Identified the cursed +0 ring mail "Wocekh Mowewn"
                  | {*Corrode rN++ Dex+4} (You found it in Pandemonium)
 88298 | Pan      | Found an exit through the horrors of the Abyss.
 88306 | Pan      | Took an exit into the Abyss.
 88306 | Abyss:1  | Escaped into the Abyss
 88370 | Depths:3 | Escaped the Abyss
 88802 | Hell     | Entered the Vestibule of Hell
 88802 | Hell     | Noticed Geryon
 89113 | Hell     | Killed Geryon
 89187 | Hell     | Found a gateway to the Iron City of Dis.
 89192 | Dis:1    | Entered Level 1 of the Iron City of Dis
 89634 | Dis:4    | Gained mutation: Scrolls take you longer to read.
                  | [mutagenic glow]
 89638 | Dis:4    | Killed from afar by a hellion

Levels and vault maps discovered:
D:1:      nicolae_arrival_memento_mori, layout_basic
D:2:      layout_basic, nicolae_gozag_seed_capital, first_ration,
          chequers_serial_rivers_small_b, uniq_robin
D:3:      layout_rooms, doesnt_xom_only_xom
D:4:      layout_rooms, lemuel_doored_altar, serial_shops, shop,
          chequers_serial_rivers_micro_c, kennysheep_generic_room_10, uniq_pikel
D:5:      layout_basic, uniq_sigmund, uniq_eustachio, uniq_duvessa
D:6:      layout_loops_cross, vehumet_altar_wand_db, led_sif_book,
          old_standard_altar, basic_altar
D:7:      layout_basic, minmay_temple_entry_sparse_star, serial_shops, shop,
          uniq_harold
D:8:      layout_loops_ring, lemuel_crystal_altar,
          minmay_overflow_temple_star_quad, old_standard_altar
D:9:      layout_rooms, kennysheep_mini, overflow_temple_1_default, basic_altar,
          the_bakery
D:10:     layout_loops_ring, lair_entry_dummy
D:11:     layout_loops_corners, orc_david_3
D:12:     layout_loops_corners, serial_shops, nicolae_shop_crystal
D:13:     gammafunk_the_bubble [the_bubble_gammafunk_grid], layout_cave_pools,
          david_vaults_2
D:14:     layout_roguey, grunt_ministairs_7, drop_trap
D:15:     grunt_enter_depths_snipers, layout_cave_pods,
          chequers_serial_rivers_large_b
Temple:   eino_temple_lava
Lair:1:   layout_layer_cave, serial_bayou_shore_b
Lair:2:   layout_cave_pods
Lair:3:   layout_loops_ring, minmay_shoals_entry_beasts,
          bobbens_dragon_lair_wall, grunt_megastairs_1
Lair:4:   layout_cave_pods, guppyfry_snake_entry_garden, gammafunk_ghost_icy,
          portal_ice_cave_entry_ice_beasts, st_stairs_5
Lair:5:   gammafunk_cloud_chamber, layout_hall_layers
Lair:6:   minmay_lair_end_enchanted_forest, layout_long_grid, slime_altar_1,
          infiniplex_staircase_pool
Shoals:1: layout_shoals
Shoals:2: layout_shoals, ebering_ghost_inner_flame
Shoals:3: layout_shoals, ldierk_geyser, uniq_polyphemus
Shoals:4: shoals_end_grunt_ice, layout_shoals, uniq_donald
Snake:1:  layout_chambers, uniq_aizul, uniq_asterion
Snake:2:  layout_misc_corridors
Snake:3:  layout_gridlike, minmay_shop_grove
Snake:4:  johnstein_snake_rune_scales, layout_basic
Slime:1:  layout_caves, basic_altar
Slime:2:  layout_caves, dissolution_awaits
Slime:3:  layout_caves
Slime:4:  layout_caves
Slime:5
Orc:1:    nicolae_orc_accident_1, layout_caves, serial_shops,
          nicolae_shop_behind_doors
Orc:2:    pubby_orc_utopia, uniq_saint_roka, uniq_jorgrun
Elf:1:    eino_elf_arrival_customs, layout_onion_city, serial_shops,
          shop_fountains, basic_altar, evilmike_minifort
Elf:2:    layout_geoelf_grid, portal_desolation_entry_nicolae_slug,
          serial_sigils_hangedman_scratch, minmay_shop_mass,
          minmay_elf_necromancy
Elf:3:    nooodl_elf_gasket, layout_geoelf_grid, uniq_louise
Vaults:1: dpeg_vaults_pockets_of_resistance, vaults_room_fours,
          nicolae_vaults_inception_scallops,
          nicolae_vaults_windows_and_doors_thing, hangedman_vaults_unwind,
          ontoclasm_vaults_chip, grunt_vaults_hallway_short,
          grunt_vaults_hallway_short, v_misc_10, vaults_room_semicircle,
          vaults_room_pool, nicolae_vaults_border_crossing, v_misc_17,
          nicolae_vaults_little_squares_6, nicolae_vaults_angled_halls,
          ontoclasm_vaults_decontamination, layout_vaults_ring
Vaults:2: v_misc_24, vaults_room_semicircle, hangedman_vaults_nails,
          v_alt_pattern_3, nicolae_vaults_theta, v_misc_33, st_diamondy,
          serial_ice_m, hangedman_vaults_stretched_pinwheel,
          ontoclasm_vaults_claustrophobia, vaults_room_hallway,
          nicolae_vaults_theta, nicolae_vaults_stairing_the_circle,
          hangedman_vaults_trim, grunt_vaults_twisty,
          vaults_mumra_minichess_inversion, v_misc_17,
          minmay_crypt_entry_nasty_monster, layout_vaults_omnibox, serial_shops,
          nicolae_shop_crystal
Vaults:3: nicolae_vaults_arrows, hangedman_vaults_corner,
          nicolae_vaults_network_periphery, vaults_room_pool,
          nicolae_vaults_gold_heap, vaults_dpeg_ring, layout_vaults_omnigrid,
          serial_shops, nicolae_shop_statue_plus, shop, shop,
          nicolae_shop_behind_doors
Vaults:4: gammafunk_vaults_ghost_grave, nicolae_vaults_ring_of_whatevers,
          grunt_vaults_focal, v_pattern_2, vaults_standard_mumra_lines,
          ontoclasm_vaults_loading_screen, v_alt_pattern_1, v_misc_26,
          nicolae_vaults_statue_guard, v_misc_12, layout_vaults_chaotic_city,
          serial_shops, shop
Vaults:5: serial_shops
Depths:1: layout_cave_shapes, enter_ziggurat_c, hell_entry, serial_shops, shop,
          ebering_ghost_inner_flame, hangedman_abyss_entry_splay,
          hangedman_abyss_or_decor_passed, kennysheep_two_boxes,
          grunt_megastairs_2
Depths:2: minmay_the_grid_3x2 [minmay_the_grid_tiny_cups,
          minmay_the_grid_garden, minmay_the_grid_dragon_b,
          minmay_the_grid_eight, minmay_the_grid_gridbox,
          minmay_the_grid_prize_big_room], layout_gridville, abyss_entry,
          hell_entry, sword_in_stone, firewood_loft, uniq_nikola
Depths:3: minmay_complete_graph, layout_gridlike,
          infiniplex_enter_wizlab_glasses, hangedman_coc_ice_floe,
          grunt_decor_mini_mirrors, rand_demon_pan_entry_9, uniq_mennas
Depths:4: minmay_polygon_palace, layout_gridlike, kennysheep_small_spiral,
          grunt_mini_vestibule, abyss_entry, minmay_misc_feat_cross
Depths:5: grunt_zot_entry_funnels, layout_gridlike, minmay_misc_feat_square,
          pf_vacation_house_of_asmodeus, serial_bayou_shore_b
Hell
Dis:1:    layout_subdivisions
Dis:2:    layout_jigsaw
Dis:3:    layout_subdivisions
Dis:4:    layout_regular_city, nicolae_dis_lava_storage_tank, evilmike_ambush
          [evilmike_ambush_outer_basic, evilmike_ambush_inner_cross]

Skill      XL: |  1  2  3  4  5  6  7  8  9 10 11 12 13 14 15 16 17 18 19 20 21 22 23 24 25 26 27 |
---------------+----------------------------------------------------------------------------------+-----
Fighting       | 2 3 4 5 6 8 9 11 12 13 14 15 17 18 19 | 19.7
Polearms       | 3 4 6 8 9 11 13 14 16 17 18 19 20 22 24 25 27 | 27.0
Armour         | 3 5 6 7 8 10 12 13 14 15 19 | 19.4
Dodging        | 4 5 7 8 11 | 11.4
Spellcasting   | 3 4 6 7 10 12 15 21 | 21.3
Translocations | 2 6 8 10 11 13 16 19 20 21 25 | 25.7
Earth Magic    | 1 3 |  3.0
Hexes          | 9 13 | 13.4
Charms         | 8 |  8.3
Throwing       | |  1.7

Action                   |  1- 3 |  4- 6 |  7- 9 | 10-12 | 13-15 | 16-18 | 19-21 | 22-24 | 25-27 || total
-------------------------+-------+-------+-------+-------+-------+-------+-------+-------+-------++-------
Melee: Trident           |   134 |   164 |   176 |       |       |       |       |       |       ||   474
       Spear             |       |       |   243 |   964 |  2806 |  3640 |   855 |       |       ||  8508
       War axe           |       |       |       |       |    37 |       |       |       |       ||    37
       Glaive            |       |       |       |       |       |       |  2003 |  2367 |  8577 || 12947
Throw: Throwing net      |       |       |     5 |       |       |     3 |       |     3 |       ||    11
 Cast: Blink             |       |       |       |       |       |    21 |     6 |     2 |     3 ||    32
       Controlled Blink  |       |       |       |       |       |       |       |       |   100 ||   100
       Regeneration      |       |       |       |       |       |       |       |       |    16 ||    16
       Shroud of Golubri |       |       |       |       |       |       |       |       |     1 ||     1
Evoke: Wand              |       |       |    12 |     3 |     4 |    19 |     6 |     4 |     5 ||    53
       Lightning rod     |       |       |       |       |       |    13 |       |     6 |     4 ||    23
       Phantom mirror    |       |       |       |       |       |     1 |       |       |       ||     1
       Sack of spiders   |       |       |       |       |       |       |     9 |     4 |       ||    13
       Lamp of fire      |       |       |       |       |       |       |     2 |     3 |     4 ||     9
       Phial of floods   |       |       |       |       |       |       |     1 |     2 |     6 ||     9
       Box of beasts     |       |       |       |       |       |       |       |       |     1 ||     1
  Use: Potion            |     1 |     4 |     2 |       |       |    18 |    12 |     6 |    37 ||    80
       Scroll            |       |       |     2 |    13 |    16 |    26 |    15 |    18 |    23 ||   113
 Stab: Sleeping          |     2 |       |       |       |       |     5 |       |       |       ||     7
       Held in net/web   |       |       |     2 |       |       |     5 |       |     5 |       ||    12
       Petrified         |       |       |       |     5 |       |       |       |       |       ||     5
       Petrifying        |       |       |       |     1 |       |       |       |       |       ||     1
       Distracted        |       |       |       |       |       |     1 |     1 |     4 |    10 ||    16
       Invisible         |       |       |       |       |       |    15 |       |    10 |     3 ||    28
       Paralysed         |       |       |       |       |       |       |       |       |     3 ||     3
  Eat: Chunk             |     1 |     3 |    11 |    16 |    34 |    33 |    25 |    25 |     2 ||   150
       Ration            |       |       |       |     1 |     3 |     6 |     3 |     4 |    43 ||    60
Armor: Leather armour    |    29 |     1 |       |       |       |       |       |       |       ||    30
       Skin              |     9 |       |       |       |       |       |       |       |       ||     9
       Chain mail        |       |   107 |   105 |       |       |       |       |       |       ||   212
       Ring mail         |       |       |    39 |   213 |  1021 |   585 |       |       |       ||  1858
       Crystal plate arm |       |       |       |       |       |   552 |  1156 |   845 |  4298 ||  6851
Dodge: Dodged            |    78 |    67 |   102 |   203 |  1172 |  1276 |   759 |   572 |  2424 ||  6653
Block: Buckler           |       |       |       |       |   144 |   332 |    89 |       |       ||   565
